Map: New Repugnancy LE

Players

GoodBacteria - Winner!

  • Race: Zerg Zerg
  • League: Diamond
  • Spawn Location: 7:00

Smeeeger

  • Race: Zerg Zerg
  • League: Platinum
  • Spawn Location: 1:00

VOD

Have the link to the VOD?

Description

Time

  • Played on: Aug. 2, 2019, 10:11 p.m.
  • Length: 3:42
Show
View Real Time Build Order
Export as new Build Order

GoodBacteria Zerg - Winner!

Build Orders: Hatch First 

Get SALT Encoding   

  12  0:03  Drone  
  13  0:12  Overlord  
  13  0:17  Drone  
  14  0:31  Drone x2  
  16  0:38  Drone  
  17  0:53  Hatchery  
  17  0:55  Drone  
  17  0:59  Drone  
  18  1:05  Extractor  
  17  1:16  Spawning Pool  
  16  1:19  Drone  
  16  1:21  Drone  
  18  1:33  Drone  
  19  1:40  Overlord  
  19  2:04  Queen  
  19  2:05  Zergling x2  
  19  2:06  Zergling x4  
  24  2:09  Metabolic Boost  
  24  2:11  Queen  
  24  2:15  Zergling x2  
  27  2:17  Zergling x2  
  28  2:24  Zergling x2  
  28  2:29  Zergling x2  
  30  2:38  Baneling Nest  
  29  2:59  Zergling x2  
  29  3:00  Zergling x10  
  35  3:15  Overlord  
  35  3:17  Drone  
Show
View Real Time Build Order
Export as new Build Order

Smeeeger Zerg 

Build Orders: Hatch First 

Get SALT Encoding   

  12  0:01  Drone  
  13  0:12  Overlord  
  13  0:18  Drone  
  14  0:31  Drone x2  
  14  0:35  Drone  
  17  0:46  Drone  
  18  0:57  Hatchery  
  17  0:59  Drone  
  17  1:00  Extractor  
  17  1:15  Spawning Pool  
  17  1:17  Drone  
  17  1:24  Drone  
  18  1:29  Drone  
  19  1:39  Overlord  
  19  2:05  Drone  
  19  2:06  Zergling x2  
  21  2:09  Queen  
  21  2:10  Queen  
  21  2:11  Zergling x2  
  26  2:16  Drone  
  26  2:17  Metabolic Boost  
  27  2:29  Drone x2  
  29  2:44  Drone  
  29  2:45  Queen x2  
  29  2:47  Overlord  
  34  3:01  Drone x2  
  34  3:02  Overlord x2  
  36  3:11  Drone  
  37  3:15  Drone x2  
  39  3:26  Hatchery  
Tags
 
Add a new tag
Caveats
  • Supply blocks, unpowered buildings, or Contaminate may cause inaccurate times.
  • Supply counts are checked every 10 seconds.